 Dungeon Crawl Stone Soup version 0.28-a0-1510-gd0f6b136d3 (webtiles) character file.

Game seed: 2943205240770393573

9228 parzival7114810 the Cleaver (level 11, -9/94 HPs)
             Began as a Hill Orc Fighter on Jan 14, 2022.
             Was a Believer of Beogh.
             Mangled by a white ugly thing (18 damage)
             ... on level 10 of the Dungeon.
             The game lasted 00:33:48 (17381 turns).

parzival7114810 the Cleaver (Hill Orc Fighter)     Turns: 17381, Time: 00:33:48

Health: -9/94      AC: 23    Str: 30    XL:     11   Next: 43%
Magic:  0/11       EV:  9    Int:  8    God:    Beogh [**....]
Gold:   460        SH:  5    Dex: 10    Spells: 10/10 levels left

rFire   . . .      SeeInvis .   a - +0 war axe (venom)
rCold   . . .      Faith    .   c - +0 buckler
rNeg    . . .      Spirit   +   v - +0 plate armour
rPois   .          Reflect  .   (no helmet)
rElec   .          Harm     .   (no cloak)
rCorr   .          Rampage  .   i - +2 pair of gloves
Will    .....                   n - +0 pair of boots
Stlth   ..........              e - amulet of guardian spirit
HPRegen 0.25/turn               h - +4 ring of protection
MPRegen 0.12/turn               s - +6 ring of strength

@: no status effects
A: wild magic 1
a: Renounce Religion, Smiting


You were on level 10 of the Dungeon.
You worshipped Beogh.
Beogh was pleased with you.
You visited 2 branches of the dungeon, and saw 11 of its levels.

You collected 460 gold pieces.

Inventory:

Hand Weapons
 a - a +0 war axe of venom (weapon)
Armour
 b - a +0 scale mail
 c - a +0 buckler (worn)
 i - a +2 pair of gloves (worn)
 l - the +3 scale mail of Follow the Leader {rN+}
   (You found it on level 5 of the Dungeon)

   rN:        It protects you from negative energy.
 n - a +0 pair of boots (worn)
 v - a +0 plate armour (worn)
Jewellery
 d - a ring of protection from cold
 e - an amulet of guardian spirit (around neck)
 g - a ring of wizardry
 h - a +4 ring of protection (left hand)
 q - a ring of flight
 s - a +6 ring of strength (right hand)
Wands
 j - a wand of digging (1)
 p - a wand of paralysis (8)
 r - a wand of polymorph (3)
Scrolls
 k - 2 scrolls of identify
 m - 3 scrolls of amnesia
 t - a scroll of enchant armour
Potions
 f - 2 potions of flight


   Skills:
 + Level 7.8 Fighting
 + Level 14.2 Axes
 + Level 10.5 Armour
 + Level 3.7 Dodging
 + Level 2.4 Stealth
 + Level 6.6 Shields
 + Level 0.7 Invocations
 + Level 3.6 Evocations


You had 10 spell levels left.
You didn't know any spells.
Your spell library contained the following spells:

 Spells                   Type           Power      Damage    Failure   Level
 Magic Dart               Conj           0%         1d3       99%         1
 Call Imp                 Summ           0%         N/A       100%        2
 Sublimation of Blood     Necr           0%         N/A       100%        2
 Call Canine Familiar     Summ           0%         N/A       100%        3
 Mephitic Cloud           Conj/Pois/Air  0%         N/A       100%        3
 Portal Projectile        Hex/Tloc       0%         N/A       100%        3
 Leda's Liquefaction      Hex/Erth       0%         N/A       100%        4
 Petrify                  Tmut/Erth      0%         N/A       100%        4
 Irradiate                Conj/Tmut      0%         3d13      100%        5
 Conjure Ball Lightning   Conj/Air       0%         3x3d6     100%        6
 Discord                  Hex            0%         N/A       100%        8
 Disjunction              Tloc           0%         N/A       100%        8


Dungeon Overview and Level Annotations

Branches:
Dungeon (10/15)            Temple (0/1) D:4            Lair (1/6) D:9
    Orc (0/2) D:10

Altars:
Cheibriados
Elyvilon
Fedhas
Qazlal
Ru
Vehumet
Yredelemnul

Annotations:
D:6 1 runed translucent door


Innate Abilities, Weirdness & Mutations

Your spells are a little harder to cast, but a little more powerful.


Message History

Unknown command.
You slash the white ugly thing!
The white ugly thing looks as sick as possible!
The white ugly thing is almost dead.
The white ugly thing barely misses you.
You barely miss the white ugly thing.
The white ugly thing is almost dead.
The white ugly thing kicks you but does no damage.
The white ugly thing tail-slaps you but does no damage.
There is an open door, spattered with blood here.
You hit the white ugly thing but do no damage.
The white ugly thing is poisoned.
You slash the white ugly thing!
You kill the white ugly thing!
Beogh accepts your kill.
You block the white ugly thing's attack.
You slash the white ugly thing!
The white ugly thing looks as sick as possible!
The white ugly thing is lightly wounded.
The white ugly thing barely misses you.
You hit the white ugly thing.
The white ugly thing looks as sick as possible!
The white ugly thing is moderately wounded.
You block the white ugly thing's attack.
You slash the white ugly thing!
The white ugly thing looks as sick as possible!
The white ugly thing is heavily wounded.
The white ugly thing kicks you but does no damage.
You closely miss the white ugly thing.
The white ugly thing is heavily wounded.
You hit the white ugly thing.
The white ugly thing looks as sick as possible!
The white ugly thing is heavily wounded.
The white ugly thing kicks you! The white ugly thing freezes you!!
* * * LOW HITPOINT WARNING * * *
You barely miss the white ugly thing.
The white ugly thing is heavily wounded.
The white ugly thing kicks you.
* * * LOW HITPOINT WARNING * * *
The white ugly thing freezes you!!
You die...

*,≈***,,,,**,,,,,,,,,,,,,,,,,
*≈,≈***,,***.........,,,,,,,,
#****≈,,,***** *.........,,,,,,,,
.,,***≈,,≈** *#........,,,,,,,,
.,,,***,,≈≈####*#........,,,,,,,,
.,,,,***,...≈≈≈##........,,,,,,,,
#***** *≈.......#........,,,,,,,,
**≈≈......#†.......,,,,,,,,
*⌠≈≈.....u@........,,,,,,,,
**≈≈.....≈#†.......,,,,,,,,
*≈.....≈≈#........,,,,,,,,
**,.≈≈≈≈≈##........,,,,,,,,
**,,≈≈####*#........,,,,,,,,
******≈,,≈** ##........,,,,,,,,
,>,**≈≈,,***** #.........,,,,,,,,
,,,**≈≈≈***,,**#.........,,,,,,,,
*****≈≈***,,,,*#.........,,,,,,,,


You could see a white ugly thing (extremely poisoned).

Vanquished Creatures
  2 two-headed ogres
  4 ugly things (D:10)
  A cyclops (D:6)
  Maurice (D:9)
  A cane toad (Lair:1)
  2 komodo dragons (Lair:1)
  A hornet (D:7)
  A yak (D:9)
  3 wyverns
  A steam dragon (D:7)
  5 water moccasins
  2 orc warriors
  6 black bears
  An ice beast (D:6)
  A centaur (D:9)
  6 ogres
  A phantom (D:7)
  6 bullfrogs
  A gnoll sergeant (D:7)
  2 wyvern zombies
  A water moccasin zombie (D:5)
  A wyvern skeleton (D:7)
  7 howler monkeys
  3 centaur zombies
  A jelly (D:5)
  7 orc priests
  A hound (D:5)
  A human skeleton (D:6)
  4 iguanas
  15 orc wizards
  A mummy (D:7)
  A howler monkey zombie (D:8)
  A howler monkey skeleton (D:7)
  8 gnolls
  2 adders
  A shadow imp (D:8)
  A white imp (D:4)
  2 worms (D:2)
  2 dart slugs
  32 orcs
  7 ball pythons
  6 bats
  9 endoplasms
  2 giant cockroaches
  7 goblins
  10 hobgoblins
  4 jackals (D:3)
  5 quokkas
  3 frilled lizards
  2 hobgoblin zombies (D:7)
  8 kobolds
  2 kobold zombies (D:7)
  A quokka skeleton (D:4)
  2 rats
208 creatures vanquished.

Vanquished Creatures (others)
  2 orc priests (D:4)
  An orc wizard (D:4)
  4 orcs (D:4)
  An endoplasm (D:4)
  A goblin (D:4)
  2 hobgoblins (D:4)
  A quokka (D:4)
  51 fungi
  55 plants
118 creatures vanquished.

Grand Total: 326 creatures vanquished

Notes
Turn   | Place    | Note
-------+----------+-------------------------------------------
     0 | D:1      | parzival7114810 the Hill Orc Fighter began the quest for
                  | the Orb.
     0 | D:1      | Reached XP level 1. HP: 19/19 MP: 1/1
   107 | D:1      | Reached XP level 2. HP: 14/27 MP: 2/2
   761 | D:1      | Found a faded altar of an unknown god.
   794 | D:1      | Reached skill level 3 in Axes
   880 | D:1      | Reached XP level 3. HP: 27/33 MP: 3/3
  1548 | D:2      | Noticed an ogre
  2177 | D:2      | Reached XP level 4. HP: 40/40 MP: 4/4
  2468 | D:3      | Killed an ogre
  2469 | D:3      | Reached skill level 4 in Axes
  2469 | D:3      | Reached skill level 1 in Evocations
  2469 | D:3      | Reached XP level 5. HP: 20/47 MP: 5/5
  2863 | D:3      | Found a blossoming altar of Fedhas.
  2887 | D:3      | Found a radiant altar of Vehumet.
  2929 | D:3      | Found a stormy altar of Qazlal.
  3756 | D:4      | Became a worshipper of Beogh the Brigand
  3787 | D:5      | Entered Level 5 of the Dungeon
  4208 | D:5      | Noticed an ogre
  4219 | D:5      | Killed an ogre
  4220 | D:5      | Reached skill level 5 in Axes
  4220 | D:5      | Reached XP level 6. HP: 37/53 MP: 6/6
  4561 | D:5      | HP: 2/53 [ogre (17)]
  4566 | D:5      | Reached skill level 6 in Axes
  4597 | D:5      | Reached skill level 5 in Armour
  4597 | D:5      | Reached skill level 1 in Dodging
  4597 | D:5      | Reached XP level 7. HP: 32/60 MP: 7/7
  5602 | D:4      | Found a staircase to the Ecumenical Temple.
  5803 | D:4      | Reached * piety under Beogh
  6033 | D:5      | Reached skill level 7 in Axes
  6278 | D:5      | Identified the +3 scale mail of Follow the Leader {rN+}
  6301 | D:5      | Found a sacrificial altar of Ru.
  6707 | D:6      | Found a white marble altar of Elyvilon.
  6724 | D:6      | Reached XP level 8. HP: 53/67 MP: 6/8
  7324 | D:6      | Reached skill level 8 in Axes
  7523 | D:6      | Noticed a cyclops
  7542 | D:6      | Killed a cyclops
  7543 | D:6      | Reached skill level 5 in Fighting
  7543 | D:6      | Reached skill level 9 in Axes
  7543 | D:6      | Reached skill level 5 in Shields
  8021 | D:6      | Reached XP level 9. HP: 61/74 MP: 9/9
  9015 | D:6      | Reached skill level 10 in Axes
  9151 | D:6      | Found a runed translucent door.
  9152 | D:6      | Found a basalt altar of Yredelemnul.
  9396 | D:7      | Noticed a hornet
  9405 | D:7      | Paralysed by a hornet for 3 turns
  9408 | D:7      | Killed a hornet
  9409 | D:7      | Reached skill level 1 in Stealth
 11483 | D:7      | Reached skill level 11 in Axes
 11692 | D:8      | Noticed a two-headed ogre
 11705 | D:8      | Killed a two-headed ogre
 11706 | D:8      | Reached XP level 10. HP: 84/84 MP: 10/10
 11794 | D:8      | Reached skill level 12 in Axes
 11876 | D:8      | Reached ** piety under Beogh
 11916 | D:8      | Gained mutation: Your spells are a little harder to cast,
                  | but a little more powerful. [potion of mutation]
 12568 | D:8      | Found a snail-covered altar of Cheibriados.
 13158 | D:9      | Upgraded the game from 0.28-a0-1506-g3893175d92 to
                  | 0.28-a0-1510-gd0f6b136d3
 13218 | D:9      | Found the +3 Elemental Staff {rElec rF++ rC++ AC+5}
 13227 | D:9      | Identified the +1 short sword "Eschorom" {venom, *Rage
                  | rElec rPois}
 13854 | D:9      | Reached skill level 13 in Axes
 14028 | D:9      | Found a staircase to the Lair.
 14428 | D:9      | Noticed Maurice
 14444 | D:9      | Killed Maurice
 15100 | Lair:1   | Entered Level 1 of the Lair of Beasts
 15556 | Lair:1   | Reached XP level 11. HP: 60/92 MP: 5/11
 15694 | Lair:1   | Reached skill level 10 in Armour
 16142 | D:10     | Entered Level 10 of the Dungeon
 16142 | D:10     | Found a staircase to the Orcish Mines.
 16145 | D:10     | Noticed a two-headed ogre
 16672 | D:9      | Killed a two-headed ogre
 17344 | D:10     | Noticed a brown ugly thing
 17344 | D:10     | Noticed a white ugly thing
 17344 | D:10     | Noticed a green ugly thing
 17344 | D:10     | Noticed a cyan ugly thing
 17347 | D:10     | Noticed a white ugly thing
 17361 | D:10     | Killed a cyan ugly thing
 17365 | D:10     | Killed a cyan ugly thing
 17367 | D:10     | Killed a purple ugly thing
 17368 | D:10     | Reached skill level 14 in Axes
 17375 | D:10     | Killed a white ugly thing
 17381 | D:10     | Mangled by a white ugly thing

Illustrated notes

Levels and vault maps discovered:
D:1:      dpeg_arrival_three_same_balls, layout_loops_ring,
          chequers_ecumenical_altar_island
D:2:      layout_basic
D:3:      layout_basic, grunt_temple_overflow_diamond
D:4:      layout_rooms, minmay_temple_entry_fiery
D:5:      layout_rooms, nicolae_ru_path_of_blood
D:6:      wad_pebble_path, layout_loops_ring, overflow_temple_1_default,
          dk_yredelemnul_ordeal, kennysheep_generic_room_14
D:7:      layout_loops_ring, kennysheep_another_room, minmay_mini_ossuary
D:8:      layout_gridville, mainiacjoe_overflow_surrounded_room
D:9:      layout_roguey, due_lair_maze_entry_diamond, uniq_maurice
D:10:     cheibrodos_breeding_chamber, layout_long_grid, david_orc_3,
          uniq_maggie
Lair:1:   layout_regular_city

Skill      XL: |  1  2  3  4  5  6  7  8  9 10 11 |
---------------+----------------------------------+-----
Axes           | 3 4 5 6 7 9 11 13 14 | 14.2
Fighting       | 4 5 6 7 |  7.8
Armour         | 4 5 6 7 8 9 10 | 10.5
Evocations     | 1 2 3 |  3.6
Shields        | 4 5 6 |  6.6
Dodging        | 1 2 3 |  3.7
Stealth        | 2 |  2.4
Invocations    | |  0.7

Action                   |  1- 3 |  4- 6 |  7- 9 | 10-12 || total
-------------------------+-------+-------+-------+-------++-------
Melee: War axe           |    91 |   103 |   287 |   225 ||   706
Invok: Convert to Beogh  |       |     1 |       |       ||     1
       Smiting           |       |       |       |     1 ||     1
Evoke: Wand              |       |     4 |    23 |    16 ||    43
  Use: Scroll            |     2 |     3 |     5 |     3 ||    13
       Potion            |     1 |     3 |     3 |    10 ||    17
 Stab: Paralysed         |       |       |     4 |       ||     4
Armor: Scale mail        |    56 |   119 |   174 |    35 ||   384
       Plate armour      |       |       |       |   121 ||   121
Dodge: Dodged            |    60 |   111 |   140 |    80 ||   391
Block: Buckler           |    29 |    56 |    76 |    59 ||   220

Table legend: (Time is in decaauts)
 A = Elapsed time spent in this place.
 B = Non-inter-level travel time spent in this place.
 C = Inter-level travel time spent in this place.
 D = Time resting spent in this place.
 E = Time spent auto-exploring this place.
 F = Levels seen in this place.
 G = Mean time per level.
                   A        B        C        D        E       F      G
               +--------+--------+--------+--------+--------+-----+--------+
         Total |  17449 |  16935 |    514 |   9700 |   4327 |  11 | 1586.3 |
       Dungeon |  16806 |  16292 |    514 |   9342 |   4171 |  10 | 1680.6 |
          Lair |    643 |    643 |      0 |    358 |    156 |   1 |  643.0 |
               +--------+--------+--------+--------+--------+-----+--------+

Top non-repeatable levels by time:
     D:9: 3390 daAuts
     D:6: 2688 daAuts
     D:7: 2253 daAuts
     D:5: 1896 daAuts
     D:3: 1430 daAuts
     D:1: 1246 daAuts
     D:8: 1235 daAuts
     D:4: 1111 daAuts
     D:2: 1108 daAuts
  Lair:1: 643 daAuts
    D:10: 446 daAuts
